 Dungeon Crawl Stone Soup version 0.28.0-53-g5a82cb258f (webtiles) character file.

Game seed: 24285817389059023

61 safid the Chopper (level 4, -4/39 HPs)
             Began as a Hill Orc Fighter on July 27, 2022.
             Was an Initiate of Gozag.
             Killed from afar by Ijyb (43 damage)
             ... with a bolt of acid
             ... on level 3 of the Dungeon.
             The game lasted 00:01:56 (2222 turns).

safid the Chopper (Hill Orc Fighter)                Turns: 2222, Time: 00:01:57

Health: -4/39      AC:  8    Str: 20    XL:     4   Next: 7%
Magic:  4/4        EV:  9    Int:  8    God:    Gozag
Gold:   262        SH:  4    Dex: 10    Spells: 3/3 levels left

rFire   . . .      SeeInvis .   a - +0 war axe
rCold   . . .      Faith    .   c - +0 buckler
rNeg    . . .      Spirit   .   b - +0 scale mail
rPois   .          Reflect  .   (no helmet)
rElec   .          Harm     .   j - +0 cloak
rCorr   .          Rampage  .   (no gloves)
Will    .....                   (no boots)
Stlth   ..........              (no amulet)
HPRegen 0.13/turn               (no ring)
MPRegen 0.09/turn               (no ring)

@: no status effects
A: no striking features
a: Renounce Religion, Potion Petition, Call Merchant, Bribe Branch


You were on level 3 of the Dungeon.
You worshipped Gozag.
Gozag was aware of your devotion.
You visited 1 branch of the dungeon, and saw 3 of its levels.

You collected 262 gold pieces.

Inventory:

Hand Weapons
 a - a +0 war axe (weapon)
Missiles
 e - 3 boomerangs (quivered)
Armour
 b - a +0 scale mail (worn)
 c - a +0 buckler (worn)
 j - a +0 cloak (worn)
Jewellery
 l - a +4 ring of evasion
Scrolls
 f - a scroll of enchant weapon {unknown}
 h - 2 scrolls of identify {unknown}
 m - a scroll of fog {unknown}
Potions
 d - 2 potions of might
 g - 2 potions of ambrosia {unknown}
 i - a potion of curing {unknown}
 k - a potion of flight {unknown}


   Skills:
 - Level 3.6 Fighting
 + Level 4.2 Axes
 - Level 4.0 Armour
 - Level 4.0 Shields


You had 3 spell levels left.
You didn't know any spells.
Your spell library contained the following spells:

 Spells                   Type           Power      Damage    Failure   Level
 Tukima's Dance           Hex            0%         N/A       99%         3
 Passage of Golubria      Tloc           0%         N/A       100%        4
 Yara's Violent Unravell  Hex/Tmut       0%         3d3       100%        5
 Borgnjor's Revivificati  Necr           0%         N/A       100%        8
 Necromutation            Tmut/Necr      0%         N/A       100%        8
 Death's Door             Necr           0%         N/A       100%        9


Dungeon Overview and Level Annotations

Branches:
Dungeon (3/15)

Altars:
Gozag

Annotations:
D:3 Ijyb


Message History

No target in view!
No target in view!
No target in view!
No target in view!
No target in view!
No target in view!
No target in view!
No target in view!
No target in view!
No target in view!
No target in view!
No target in view!
No target in view!
You now have 262 gold pieces (gained 9).
You see here an orb of guile.
Done exploring.
Done exploring.
Okay, then.
Done exploring.
Done exploring.
Done exploring.
(D) Dungeon
Where to? (Enter - D:2 @ (x,y), ? - help)
There is a stone staircase leading down here.
You climb downwards.
You hear the sound of rushing water.
There is an entrance to a sewer on this level.
Hurry and find it before the portal rusts away!
Found 7 gold pieces and a scimitar.
There is a stone staircase leading up here.
You block Ijyb's attack.
You hit Ijyb but do no damage. Ijyb hits you but does no damage.
Unknown command.
You closely miss Ijyb. You block Ijyb's attack.
Unknown command.
You hit the worm.
The worm is lightly wounded.
You closely miss Ijyb.
Ijyb zaps a wand.
The bolt of acid hits you!!!
Ouch! That really hurt!
You die...
Your body crumbles into a pile of gold.

. #g ###
#.##)$#$.
......#.# #
......#.#####.# #
#g@......#
.##.#.w##.#..###
#................
#.#.#..<.....####
............##
#..##.##..### #.
#. #..# .. #.
#..# #..#


You could see Ijyb and a worm.

Vanquished Creatures
  4 adders (D:2)
  A worm (D:2)
  An endoplasm (D:2)
  2 giant cockroaches
  2 goblins (D:2)
  2 hobgoblins
  3 ball pythons
  5 bats (D:2)
  3 frilled lizards (D:2)
  3 kobolds
26 creatures vanquished.

Notes
Turn   | Place    | Note
-------+----------+-------------------------------------------
     0 | D:1      | safid the Hill Orc Fighter began the quest for the Orb.
     0 | D:1      | Reached XP level 1. HP: 19/19 MP: 1/1
    82 | D:1      | Found a faded altar of an unknown god.
   104 | D:1      | Prayed at the altar of an unknown god.
   104 | D:1      | Became a worshipper of Gozag Ym Sagoz the Greedy
   811 | D:2      | Reached XP level 2. HP: 20/26 MP: 2/2
  1231 | D:2      | Reached XP level 3. HP: 15/31 MP: 3/3
  2004 | D:2      | Reached XP level 4. HP: 27/39 MP: 4/4
  2214 | D:3      | Noticed Ijyb
  2222 | D:3      | Killed from afar by Ijyb

Illustrated notes

Levels and vault maps discovered:
D:1:      dpeg_arrival_pits, layout_loops_cross,
          dreamdust_ecumenical_altar_angels_and_demons
D:2:      layout_basic, minmay_circle_x
D:3:      layout_loops_cross, lightli_sewer_entry_pipes, uniq_ijyb

Skill      XL: |  1  2  3 |
---------------+----------+-----
Axes           | 3 4 |  4.2
Armour         | 4 |  4.0
Shields        | 4 |  4.0
Fighting       | |  3.6

Action                   |  1- 3 |  4- 6 || total
-------------------------+-------+-------++-------
Melee: War axe           |    96 |    21 ||   117
Armor: Scale mail        |    66 |    18 ||    84
Dodge: Dodged            |    50 |    18 ||    68
Block: Buckler           |    23 |     8 ||    31
